 Dungeon Crawl Stone Soup version 0.32-a0-898-g7811c86cf0 (webtiles) character file.

Game seed: 14251603718644402925

4010 holysushi the Nimble (level 10, -3/71 HPs)
             Began as a Demonspawn Monk on Apr 4, 2024.
             Was a Priest of Beogh.
             Killed by divine providence
             ... invoked by Wargrak the orc apostle
              (14 damage)
             ... on level 7 of the Dungeon.
             The game lasted 00:24:04 (9522 turns).

holysushi the Nimble (Demonspawn Monk)              Turns: 9522, Time: 00:24:05

Health: -3/71      AC: 14    Str: 11    XL:     10   Next: 3%
Magic:  14/14      EV: 16    Int: 10    God:    Beogh [***...]
Gold:   415        SH:  6    Dex: 21    Spells: 12/14 levels left

rFire   . . .        g - +2 short sword (drain)
rCold   . . .        u - +1 buckler
rNeg    + . .        w - +0 steam dragon scales
rPois   .            i - +0 helmet
rElec   .            v - +2 cloak
rCorr   .            p - +1 pair of gloves
SInv    .            r - +0 pair of boots
Will    +....        l - amulet of magic regeneration
Stlth   ++           j - ring of positive energy
HPRegen 0.31/turn    x - ring of willpower
MPRegen 0.54/turn

%: no passive effects
@: about to teleport
A: slimy green scales 1, foul stench 1, demonic magic 2
a: Renounce Religion, Smiting, Recall Apostles, Dismiss Syrus, warrior


You were on level 7 of the Dungeon.
You worshipped Beogh.
Beogh was most pleased with you.
You visited 2 branches of the dungeon, and saw 8 of its levels.

You collected 490 gold pieces.
You spent 75 gold pieces at shops.

Inventory:

Hand Weapons
 a - a +0 short sword
 g - a +2 short sword of draining (weapon)
 o - a +1 rapier
 q - a +0 short sword of speed
Armour
 b - a +0 robe
 c - +0 acid dragon scales
 d - an orb of light
 i - a +0 helmet (worn)
 p - a +1 pair of gloves (worn)
 r - a +0 pair of boots (worn)
 u - a +1 buckler (worn)
 v - a +2 cloak (worn)
 w - +0 steam dragon scales (worn)
Jewellery
 j - a ring of positive energy (left hand)
 l - an amulet of magic regeneration (around neck)
 s - the ring of Inuhureps {Ice Int+5 Dex-2}
   (You found it on level 5 of the Dungeon)

   [ring of ice]

   Ice:       It enhances your ice magic.
   Int+5:     It affects your intelligence (+5).
   Dex-2:     It affects your dexterity (-2).
   rF-:       It makes you vulnerable to fire.
   rC+:       It protects you from cold.
 x - a ring of willpower (right hand)
Scrolls
 e - a scroll of amnesia
 f - a scroll of noise
 m - 2 scrolls of enchant weapon
 t - 2 scrolls of teleportation
 y - a scroll of fog
 z - a scroll of identify
Potions
 h - a potion of haste {unknown}
 k - 3 potions of brilliance


   Skills:
 - Level 4.0 Fighting
 + Level 8.3 Short Blades
 + Level 8.4 Dodging
 - Level 2.0 Stealth
 - Level 1.9 Shields
 - Level 2.8 Spellcasting
 - Level 3.0 Hexes
 + Level 4.1 Invocations
 - Level 3.0 Evocations


You had 12 spell levels left.
You knew the following spells:

 Your Spells              Type           Power      Damage    Failure   Level
a - Ensorcelled Hibernat  Hex/Ice        8%         N/A       34%         2

Your spell library contained the following spells:

 Spells                   Type           Power      Damage    Failure   Level
 Sandblast                Erth           2%         2d4       38%         1
 Sting                    Conj/Alch      4%         1d3       38%         1
 Mercury Vapours          Alch/Air       2%         N/A       54%         2
 Fugue of the Fallen      Necr           1%         N/A       77%         3
 Stone Arrow              Conj/Erth      2%         3d7       77%         3
 Anguish                  Hex/Necr       2%         N/A       92%         4
 Brom's Barrelling Bould  Conj/Erth      1%         2d3       99%         4
 Olgreb's Toxic Radiance  Alch           1%         N/A       99%         4
 Summon Blazeheart Golem  Fire/Summ      1%         N/A       99%         4
 Orb of Destruction       Conj           0%         9d5       100%        7
 Spellforged Servitor     Conj/Summ      0%         N/A       100%        7


Dungeon Overview and Level Annotations

Branches:
Dungeon (7/15) Zot: 26511  Temple (1/1) D:6 Zot: 5998

Altars:
Ashenzari
Cheibriados
Dithmenos
Gozag
Hepliaklqana
Okawaru
Qazlal
Ru
Vehumet
Wu Jian
Xom
Yredelemnul

Shops:
D:1 *   D:3 *   D:5 =*

Annotations:
D:7 1 exclusion


Innate Abilities, Weirdness & Mutations

Your facial features look somewhat orcish.
You are partially covered in slimy green scales. (AC +2)
You may rarely emit foul miasma when damaged in melee.
Spells you cast may paralyse nearby enemies.


Message History

You aren't carrying any items that you can evoke.
Unknown command.
Okay, then.
You swap places.
Wargrak calls down the wrath of Beogh upon you.
Beogh smites you!
Syrus barely misses Wargrak.
Wargrak utters an invocation to Beogh.
Syrus barely misses Wargrak.
You hit Wargrak but do no damage. You drain Wargrak.
Wargrak is lightly wounded.
Wargrak mumbles some strange prayers to Beogh against you.
Beogh smites you!
* * * LOW HITPOINT WARNING * * *
Syrus closely misses Wargrak.
You closely miss Wargrak.
Wargrak is lightly wounded.
You block Wargrak's attack.
You feel better. The cerulean imp closely misses you.
Syrus hits Wargrak but does no damage.
Lightning courses through Wargrak!
Wargrak invokes the aid of Beogh against you.
Beogh smites you!
* * * LOW HITPOINT WARNING * * *
As you read the scroll of teleportation, it crumbles to dust.
You feel strangely unstable. You block the cerulean imp's attack.
Syrus hits Wargrak but does no damage.
Wargrak closely misses you.
You closely miss Wargrak.
Wargrak is lightly wounded.
The cerulean imp hits you but does no damage.
Syrus hits Wargrak with a +3 long sword of electrocution!
Lightning courses through Wargrak! You hit Wargrak. You drain Wargrak.
Wargrak is heavily wounded.
Wargrak mumbles some strange prayers to Beogh.
You closely miss Wargrak.
Wargrak is heavily wounded.
The cerulean imp barely misses you.
Syrus closely misses Wargrak.
Wargrak invokes the aid of Beogh against you.
Beogh smites you!
You die...
Beogh appreciates Wargrak's killing of a heretic priest.

........#.##.#
......#....#.# .###
##.##....#.#.##.#.
#..|..........>.. .
####.##.#.####.#..####.#
#..................... ..
#.##...........5.... ..
###.##.##.#.####o##)####:##.
.......<..).....@o..........
.........)........5.†)......
##........######.##.))......
##........######.##.########
##..................#
##.........#####.####
##.........# #.#
##.........# #.#
##.........#####.#


You could see Wargrak the orc apostle (very drained, ally target, divinely
empowered), 2 cerulean imps and the friendly Syrus the orc apostle.

Vanquished Creatures
  A rakshasa (D:7)
  A wyvern (D:7)
  3 steam dragons
  A water moccasin (D:5)
  An orc warrior (D:6)
  An ice beast (D:5)
  2 black bears
  2 ogres
  2 phantoms (D:5)
  A kobold brigand (D:6)
  A bullfrog (D:7)
  2 gnoll sergeants (D:6)
  A scorpion (D:6)
  4 wights (D:6)
  A howler monkey (D:6)
  A hound (D:4)
  3 jellies
  2 orc priests
  Crazy Yiuf (D:5)
  2 gnoll boudas
  3 sleepcaps
  3 iguanas
  7 adders
  23 gnolls
  A shadow imp (D:5)
  A white imp (D:5)
  2 adder skeletons (D:3)
  An adder zombie (D:3)
  3 dart slugs
  A ribbon worm (D:2)
  11 orcs
  9 ball pythons
  4 endoplasms
  4 giant cockroaches
  3 goblins
  5 hobgoblins
  4 jackals (D:1)
  12 kobolds
  3 quokkas
  8 bats
  5 frilled lizards
  A jackal skeleton (D:3)
  A quokka skeleton (D:3)
  7 rats
155 creatures vanquished.

Vanquished Creatures (collateral kills)
  A steam dragon (D:7)
  An acid dragon (D:6)
  2 water moccasins (D:7)
  A kobold brigand (D:7)
  A gnoll sergeant (D:7)
  A howler monkey (D:7)
  A gnoll bouda (D:7)
  A sleepcap (D:7)
  5 gnolls (D:7)
  A shadow imp (D:7)
15 creatures vanquished.

Vanquished Creatures (others)
  An orc priest (D:5)
  3 orcs (D:5)
4 creatures vanquished.

Grand Total: 174 creatures vanquished

Notes
Turn   | Place    | Note
-------+----------+-------------------------------------------
     0 | D:1      | holysushi the Demonspawn Monk began the quest for the Orb.
     0 | D:1      | Reached XP level 1. HP: 18/18 MP: 1/1
    90 | D:1      | Gained mutation: You are partially covered in slimy green
                  | scales. (AC +2) [demonic ancestry]
    90 | D:1      | Reached XP level 2. HP: 22/24 MP: 2/2
   533 | D:1      | Found Lybloz's General Store.
   814 | D:1      | Gained mutation: Spells you cast may paralyse adjacent
                  | enemies. [demonic ancestry]
   814 | D:1      | Reached XP level 3. HP: 29/29 MP: 3/3
  1664 | D:2      | Reached XP level 4. HP: 27/37 MP: 4/4
  2406 | D:3      | Found a hazy altar of Hepliaklqana.
  2479 | D:3      | Found a basalt altar of Yredelemnul.
  2504 | D:3      | Reached skill level 1 in Shields
  2867 | D:3      | Found Orahav's General Store.
  2916 | D:3      | Bought a scroll of blinking for 75 gold pieces
  3485 | D:4      | Reached XP level 5. HP: 42/42 MP: 5/5
  3945 | D:4      | Noticed an ogre
  4314 | D:4      | Reached skill level 1 in Stealth
  4715 | D:4      | Found an ornate altar of the Wu Jian Council.
  4730 | D:4      | Found a shadowy altar of Dithmenos.
  4994 | D:3      | Reached XP level 6. HP: 32/48 MP: 6/6
  5254 | D:5      | Entered Level 5 of the Dungeon
  5363 | D:5      | Became a worshipper of Beogh the Shepherd
  5363 | D:5      | Reached * piety under Beogh
  5363 | D:5      | Reached ** piety under Beogh
  5457 | D:5      | Noticed an ice beast
  5486 | D:5      | Killed an ice beast
  5675 | D:5      | Found Kylao's Jewellery Shoppe.
  5713 | D:5      | Noticed a water moccasin
  5717 | D:5      | Killed a water moccasin
  5718 | D:5      | Reached XP level 7. HP: 54/54 MP: 7/7
  5740 | D:5      | Reached skill level 5 in Dodging
  5771 | D:5      | Reached skill level 5 in Short Blades
  5895 | D:5      | Found Ziuwoupt's Assorted Antiques.
  6174 | D:5      | Identified the ring of Inuhureps {Ice Int+5 Dex-2}
  6289 | D:5      | Found a runed translucent door.
  6290 | D:5      | Noticed Crazy Yiuf
  6570 | D:5      | Killed Crazy Yiuf
  6571 | D:5      | Gained mutation: Spells you cast may paralyse nearby
                  | enemies. [demonic ancestry]
  6571 | D:5      | Reached XP level 8. HP: 51/60 MP: 8/8
  6583 | D:5      | Learned a level 2 spell: Ensorcelled Hibernation
  6862 | D:5      | Reached skill level 1 in Invocations
  7073 | D:6      | Reached skill level 1 in Hexes
  7079 | D:6      | Reached skill level 1 in Spellcasting
  8172 | D:6      | Found a radiant altar of Vehumet.
  8314 | D:6      | Reached *** piety under Beogh
  8333 | D:6      | Reached XP level 9. HP: 65/65 MP: 13/13
  8376 | D:6      | Reached skill level 1 in Evocations
  8642 | D:6      | Anointed Syrus the warrior as your apostle
  8964 | D:6      | Found a staircase to the Ecumenical Temple.
  8976 | Temple   | Entered the Ecumenical Temple
  9387 | D:7      | Noticed a rakshasa
  9393 | D:7      | Killed a rakshasa
  9508 | D:7      | Gained mutation: You may rarely emit foul miasma when
                  | damaged in melee. [demonic ancestry]
  9508 | D:7      | Reached XP level 10. HP: 39/71 MP: 14/14
  9508 | D:7      | Noticed Wargrak
  9522 | D:7      | Killed from afar by Wargrak the orc apostle

Illustrated notes

Levels and vault maps discovered:
D:1:      zelgadis_glass_arrival_small, layout_loops_corners, serial_shops,
          nicolae_shop_trees
D:2:      layout_basic, minmay_tall_x
D:3:      layout_basic, yredelemnul_altar_generic, lemuel_round_altar,
          serial_undead, serial_undead_f, serial_undead_c, serial_undead_f,
          serial_undead_b, serial_undead_c, serial_undead_a, serial_undead_e,
          serial_undead_c, serial_shops, nicolae_shop_statue_plus
D:4:      layout_rooms, jmf_multi_god_temple2, kennysheep_flooded_box,
          minmay_hedge_maze
D:5:      layout_loops_corners, serial_shops, shop, shop,
          uniq_crazy_yiuf_cottage
D:6:      layout_basic, mainiacjoe_overflow_paths, temple_hall
D:7:      nzn_winding_woodlands_cross [nzn_winding_woodlands_5x15_twine,
          nzn_winding_woodlands_5x15_crooked, nzn_winding_woodlands_5x15_jagged,
          nzn_winding_woodlands_5x15_concentric,
          nzn_winding_woodlands_15x15_eel_pit], layout_basic, kennysheep_mini
Temple:   cyrus_temple_forest

Skill      XL: |  1  2  3  4  5  6  7  8  9 10 |
---------------+-------------------------------+-----
Dodging        | 3 4 6 8 |  8.4
Short Blades   | 3 4 5 6 8 |  8.3
Shields        | 1 |  1.9
Fighting       | 4 |  4.0
Stealth        | 1 2 |  2.0
Invocations    | 3 4 |  4.1
Hexes          | 3 |  3.0
Spellcasting   | 2 |  2.8
Evocations     | 3 |  3.0

Action                     |  1- 3 |  4- 6 |  7- 9 | 10-12 || total
---------------------------+-------+-------+-------+-------++-------
  Melee: Short sword       |   167 |   287 |   449 |     8 ||   911
         Rapier            |       |       |     5 |       ||     5
  Throw: Throwing net      |       |     1 |       |       ||     1
 Invoke: Convert to Beogh  |       |     1 |       |       ||     1
         Smiting           |       |       |     4 |       ||     4
         Recruit Apostle   |       |       |     1 |       ||     1
  Evoke: Wand              |       |       |     8 |       ||     8
    Use: Scroll            |       |    14 |     2 |     1 ||    17
         Potion            |       |     1 |     2 |     1 ||     4
   Stab: Sleeping          |       |     6 |     6 |       ||    12
         Held in net/web   |       |     1 |       |       ||     1
         Distracted        |       |       |     1 |     1 ||     2
 Armour: Robe              |    76 |    66 |    65 |       ||   207
         Steam dragon scal |       |       |    90 |     1 ||    91
  Dodge: Dodged            |   110 |    94 |   210 |     4 ||   418
  Block: Buckler           |       |    39 |   109 |     2 ||   150

Table legend: (Time is in decaauts)
 A = Elapsed time spent in this place.
 B = Non-inter-level travel time spent in this place.
 C = Inter-level travel time spent in this place.
 D = Time resting spent in this place.
 E = Time spent auto-exploring this place.
 F = Levels seen in this place.
 G = Mean time per level.
                   A        B        C        D        E       F      G
               +--------+--------+--------+--------+--------+-----+--------+
         Total |   9277 |   8746 |    531 |   1754 |   4082 |   8 | 1159.6 |
       Dungeon |   9275 |   8744 |    531 |   1754 |   4082 |   7 | 1325.0 |
        Temple |      1 |      1 |      0 |      0 |      0 |   1 |    1.0 |
               +--------+--------+--------+--------+--------+-----+--------+

Top non-repeatable levels by time:
     D:6: 1982 daAuts
     D:5: 1673 daAuts
     D:3: 1464 daAuts
     D:4: 1432 daAuts
     D:2: 1123 daAuts
     D:1: 1111 daAuts
     D:7: 487 daAuts
  Temple: 1 daAuts
